[Event "Titled Tuesday Blitz October 31 Early 2023"]
[White "DonCiao"]
[Black "Petrova, Irina"]
[BlackFideId "14124122"]
[WhiteElo "2150"]
[BlackElo "2314"]
[Result "1/2-1/2"]
[Round "11"]
[TimeControl "180+1"]
[Date "2023.10.31"]
[WhiteClock "0:00:05"]
[BlackClock "0:00:33"]
[Board "106"]

1. c4 d6 2. g3 e5 3. Bg2 Nc6 4. Nc3 f5 5. d3 Nf6 6. e4 g6 7. Nge2 Bg7 8. O-O O-O 9. Nd5 Be6 10. Bg5 Qd7 11. exf5 Bxf5 12. Bxf6 Bxf6 13. Nxf6+ Rxf6 14. d4 exd4 15. Nxd4 Raf8 16. Nxf5 Qxf5 17. Qd5+ Qxd5 18. Bxd5+ Kg7 19. f4 Re8 20. Rae1 Rff8 21. Bxc6 bxc6 22. b3 Kf6 23. Kf2 a5 24. Rxe8 Rxe8 25. g4 d5 26. Rc1 d4 27. Rd1 c5 28. Kf3 Re3+ 29. Kf2 Rc3 30. Rd2 a4 31. Rb2 axb3 32. axb3 h5 33. gxh5 gxh5 34. Re2 Rxb3 35. Re5 h4 36. Rxc5 Rb2+ 37. Kf3 d3 38. Rxc7 Rxh2 39. Ke3 h3 40. Kxd3 Ra2 41. Rh7 Kf5 42. Rh4 h2 43. Kd4 Rd2+ 44. Kc5 Rc2 45. Kd5 Rd2+ 46. Kc5 Ke4 47. Kb6 Kd4 48. c5 Rb2+ 49. Kc6 Rc2 50. f5+ Ke5 51. Kb6 Kxf5 52. c6 Kg5 53. Rh8 Kg4 54. c7 Rb2+ 55. Kc6 Rc2+ 56. Kb7 Rb2+ 57. Kc6 Rc2+ 58. Kb7 Rb2+ 59. Kc6 1/2-1/2


[Site "https://www.chess.com"]

[Event "Titled Tuesday Blitz October 31 Early 2023"]
[White "Harriott, Tyrell"]
[Black "Silvestre, Christian"]
[WhiteFideId "2086484"]
[BlackFideId "30956269"]
[WhiteElo "2310"]
[BlackElo "2122"]
[Result "1-0"]
[Round "11"]
[TimeControl "180+1"]
[Date "2023.10.31"]
[WhiteClock "0:00:20"]
[BlackClock "0:00:07"]
[Board "107"]

1. d4 c5 2. e3 Nf6 3. f4 g6 4. c3 Bg7 5. Bd3 O-O 6. f5 d6 7. fxg6 hxg6 8. Nf3 Nc6 9. Bc2 e5 10. d5 Ne7 11. e4 Nh5 12. O-O b5 13. Na3 Rb8 14. Ng5 b4 15. Nc4 Ba6 16. b3 Bxc4 17. bxc4 bxc3 18. Qg4 Nc8 19. Qh4 Rb2 20. Bxb2 cxb2 21. Rab1 Bf6 22. Rxf6 Qxf6 23. Rf1 Qg7 24. g3 Nb6 25. Bd3 Na4 26. Qg4 Nc3 27. a3 Rb8 28. Bb1 Nf6 29. Qf3 Nxb1 30. Rxb1 Nd7 31. Qc3 Qh6 32. h4 Qf8 33. Rxb2 Nb6 34. Qb3 Nd7 35. Qc3 Rxb2 36. Qxb2 Nb6 37. Qb5 Qe7 38. a4 Kg7 39. a5 Nd7 40. Qb7 Nf6 41. a6 Qxb7 42. axb7 Nd7 43. Nf3 Kf6 44. Kf1 Ke7 45. Ke1 Kd8 46. g4 Kc7 47. h5 gxh5 48. gxh5 Nf6 49. h6 Kxb7 50. Ng5 Kb6 51. Nxf7 Ka5 52. Nxd6 Ka4 53. Nf7 Kb4 54. Nxe5 a5 55. Nc6+ Kxc4 56. Nxa5+ Kd4 57. d6 Kxe4 58. d7 Nxd7 59. h7 Ne5 60. h8=Q Nf3+ 61. Kf2 Nd4 62. Qh4+ Kd5 63. Qg4 Ke5 64. Nc4+ Kd5 65. Ne3+ Kc6 66. Qe4+ Kb5 67. Qd5 1-0


[Site "https://www.chess.com"]

[Event "Titled Tuesday Blitz October 31 Early 2023"]
[White "Vila Dupla, Aurelio"]
[Black "Seletsky, Grigory"]
[WhiteFideId "2203383"]
[BlackFideId "14112191"]
[WhiteElo "2244"]
[BlackElo "2464"]
[Result "0-1"]
[Round "11"]
[TimeControl "180+1"]
[Date "2023.10.31"]
[WhiteClock "0:00:00"]
[BlackClock "0:00:13"]
[Board "108"]

1. Nf3 b5 2. e4 Bb7 3. Qe2 a6 4. g3 d6 5. Bg2 e5 6. a4 c6 7. d4 Nd7 8. axb5 cxb5 9. O-O Ngf6 10. dxe5 dxe5 11. Rd1 Qc7 12. Nc3 Bc5 13. Nd5 Nxd5 14. exd5 O-O 15. Be3 Rfe8 16. Ng5 Bxe3 17. fxe3 Nf6 18. e4 Rad8 19. Re1 Re7 20. Bh3 Ne8 21. Nf3 Nd6 22. c3 h6 23. Nd2 Qb6+ 24. Qf2 Qc7 25. Nb3 f5 26. Na5 fxe4 27. Nxb7 Qxb7 28. Be6+ Rxe6 29. dxe6 Rf8 30. Qc5 Nc4 31. Rad1 e3 32. Rd7 Qf3 33. Qxf8+ Qxf8 34. Rf1 Qc5 0-1


[Site "https://www.chess.com"]

[Event "Titled Tuesday Blitz October 31 Early 2023"]
[White "Arutla, Aditya"]
[Black "Thomas, Anysia"]
[WhiteFideId "30961998"]
[BlackFideId "670472"]
[WhiteElo "2459"]
[BlackElo "2235"]
[Result "1-0"]
[Round "11"]
[TimeControl "180+1"]
[Date "2023.10.31"]
[WhiteClock "0:00:53"]
[BlackClock "0:00:00"]
[Board "109"]

1. d4 Nf6 2. Bf4 g6 3. Nf3 Bg7 4. e3 O-O 5. Be2 d6 6. O-O b6 7. c3 Bb7 8. a4 c5 9. a5 Re8 10. Nbd2 Bc6 11. b4 Ne4 12. Nxe4 Bxe4 13. axb6 axb6 14. Rxa8 Bxa8 15. Qa4 Nd7 16. Ra1 Qc7 17. Qa7 Qxa7 18. Rxa7 Nf6 19. Bb5 Rc8 20. h3 Nd5 21. Ba6 Rb8 22. bxc5 bxc5 23. dxc5 Nxf4 24. exf4 dxc5 25. Rxe7 Bxf3 26. gxf3 Bxc3 27. Bc4 Rf8 28. Kf1 Kg7 29. Ke2 Kf6 30. Rc7 Bd4 31. Rc6+ Kg7 32. Rc7 Kf6 33. Kf1 h5 34. Rc6+ Kg7 35. Bd3 Re8 36. f5 gxf5 37. Bxf5 Re7 38. Bd3 h4 39. Bc4 Ra7 40. Ke2 Rb7 41. Kd3 Ra7 42. Ke4 Re7+ 43. Kf5 Bxf2 44. Kg4 Bg3 45. Bd5 Rd7 46. Rxc5 Re7 47. Be4 Bf2 48. Rg5+ Kf8 49. Rh5 Rc7 50. Bd5 Ke7 51. Bxf7 Kxf7 52. Rh7+ Kg6 53. Rxc7 Bg3 54. Rc6+ Kf7 55. f4 1-0


[Site "https://www.chess.com"]

[Event "Titled Tuesday Blitz October 31 Early 2023"]
[White "Barbot, Pierre"]
[Black "Kiseljova, Marya"]
[WhiteFideId "663727"]
[BlackFideId "4155009"]
[WhiteElo "2310"]
[BlackElo "2228"]
[Result "1-0"]
[Round "11"]
[TimeControl "180+1"]
[Date "2023.10.31"]
[WhiteClock "0:00:06"]
[BlackClock "0:00:05"]
[Board "110"]

1. e4 c5 2. Nc3 Nc6 3. Bb5 Nd4 4. Nf3 Nxb5 5. Nxb5 d6 6. O-O Nf6 7. Re1 e5 8. a4 Be7 9. c3 O-O 10. d4 Bg4 11. dxe5 Bxf3 12. Qxf3 dxe5 13. Bg5 a6 14. Na3 Qc7 15. Nc4 b5 16. Ne3 Qc6 17. Nf5 Bd8 18. Rad1 Qe8 19. Rd6 Nd7 20. Nxg7 Kxg7 21. Bh6+ Kh8 22. Qf5 f6 23. Bxf8 Nxf8 24. Red1 Ne6 25. Rxe6 Qg6 26. Qxg6 hxg6 27. Re8+ Kg7 28. Rexd8 Ra7 29. R1d7+ Rxd7 30. Rxd7+ Kh6 31. axb5 Kg5 32. bxa6 Kf4 33. a7 Kxe4 34. a8=Q+ Kf5 35. Qf3+ Ke6 36. Rd6+ Kxd6 37. Qxf6+ Kd5 38. Qxg6 Kc4 39. Qe4+ Kb3 40. Qxe5 c4 41. Qd4 1-0


[Site "https://www.chess.com"]

[Event "Titled Tuesday Blitz October 31 Early 2023"]
[White "Limontaite, Simona"]
[Black "Szente Varga, Fruzsina"]
[WhiteFideId "12802506"]
[BlackFideId "712264"]
[WhiteElo "2217"]
[BlackElo "2303"]
[Result "1/2-1/2"]
[Round "11"]
[TimeControl "180+1"]
[Date "2023.10.31"]
[WhiteClock "0:00:01"]
[BlackClock "0:00:03"]
[Board "111"]

1. d4 Nf6 2. c4 g6 3. Nc3 Bg7 4. e4 d6 5. Be2 O-O 6. Bg5 h6 7. Be3 e5 8. d5 Nbd7 9. Qd2 Kh7 10. Bd1 Nc5 11. f3 a5 12. Bc2 a4 13. g4 Nfd7 14. h4 Nb6 15. Qe2 Bd7 16. h5 g5 17. Nh3 f6 18. Nf2 Qb8 19. O-O Qa7 20. Ncd1 Qa6 21. Bxc5 dxc5 22. Ne3 Nc8 23. Nd3 b6 24. Rac1 Nd6 25. Nf2 Rfb8 26. Bd3 Bf8 27. Nfd1 Qa5 28. Nc3 Qb4 29. Rc2 Be7 30. Rfc1 b5 31. a3 Qa5 32. Nf5 Nxf5 33. exf5 b4 34. Ne4 bxa3 35. bxa3 Rb3 36. Rc3 Rab8 37. Qf2 Rxc3 38. Rxc3 Rb3 39. Qc2 Qb6 40. Rxb3 axb3 41. Qb2 Ba4 42. Nc3 Qa5 43. Be2 Bd6 44. Kf2 Kg7 45. Ke3 Bd7 46. Bd1 Qa6 47. Qxb3 c6 48. Bc2 cxd5 49. Nxd5 Bc6 50. Be4 Qa5 51. Nc3 Bxe4 52. fxe4 Bc7 53. a4 Bb6 54. Kd3 Bd8 55. Nd5 Kf7 56. Qb7+ Kg8 57. Qd7 Kf8 58. Qd6+ Kf7 59. Qe6+ Kg7 60. Qd7+ Kf8 61. Qe6 Kg7 62. Qd7+ Kf8 1/2-1/2


[Site "https://www.chess.com"]

[Event "Titled Tuesday Blitz October 31 Early 2023"]
[White "Van Essen, Mark"]
[Black "Rodriguez Dominguez, Melissa"]
[WhiteFideId "1012819"]
[BlackFideId "3517560"]
[WhiteElo "2299"]
[BlackElo "2209"]
[Result "0-1"]
[Round "11"]
[TimeControl "180+1"]
[Date "2023.10.31"]
[WhiteClock "0:00:44"]
[BlackClock "0:00:18"]
[Board "112"]

1. e4 c5 2. Nf3 e6 3. d4 cxd4 4. Nxd4 Nc6 5. Nc3 Qc7 6. Be3 a6 7. Be2 Nf6 8. O-O Bb4 9. Nxc6 bxc6 10. Qd4 Bd6 11. f4 c5 12. Qd2 e5 13. Rad1 Be7 14. fxe5 Qxe5 15. Bf4 Qd4+ 16. Qxd4 cxd4 17. Nd5 Nxd5 18. exd5 Bb7 19. Bf3 d6 20. Rfe1 Kd8 21. Rxd4 Bf6 22. Rb4 Kc7 23. Bxd6+ Kxd6 24. Rxb7 Rab8 25. Rxb8 Rxb8 26. b3 a5 27. c4 a4 28. Rb1 axb3 29. axb3 Kc5 30. Be2 Bd4+ 31. Kf1 Rb6 32. Bf3 f5 33. Ke2 g5 34. g3 g4 35. Bg2 h5 36. h3 Be5 37. hxg4 fxg4 38. Be4 Bxg3 39. Bc2 Be5 40. Kf2 h4 41. Kg2 h3+ 42. Kh1 Rf6 43. Bd3 g3 44. b4+ Kd4 45. Be2 Ke3 46. Bf1 Rxf1+ 47. Rxf1 g2+ 48. Kg1 Bh2+ 49. Kxh2 gxf1=Q 0-1


[Site "https://www.chess.com"]

[Event "Titled Tuesday Blitz October 31 Early 2023"]
[White "Floresvillar Gonzalez, Luis Migu"]
[Black "Ng, Gary"]
[WhiteFideId "5100542"]
[BlackFideId "2604914"]
[WhiteElo "2196"]
[BlackElo "2267"]
[Result "0-1"]
[Round "11"]
[TimeControl "180+1"]
[Date "2023.10.31"]
[WhiteClock "0:00:00"]
[BlackClock "0:00:05"]
[Board "113"]

1. e4 b6 2. Bc4 Bb7 3. d3 Nf6 4. f4 e6 5. Nf3 d5 6. exd5 exd5 7. Bb5+ Nbd7 8. Qe2+ Be7 9. Ne5 O-O 10. O-O Bc5+ 11. Be3 d4 12. Bf2 Re8 13. Nd2 Nxe5 14. fxe5 Qd5 15. Bg3 Re7 16. Bc4 Qc6 17. a4 Nd5 18. Bxd5 Qxd5 19. Ne4 Rae8 20. Qg4 Kh8 21. Rf2 Qd7 22. Qxd7 Rxd7 23. Ng5 Kg8 24. Raf1 Bd5 25. b3 h6 26. Nf3 Bb7 27. Nh4 Bf8 28. h3 g6 29. Nf3 Bg7 30. Re2 c5 31. Rfe1 Rde7 32. Kf2 Kh7 33. Nd2 Bd5 34. Nc4 Bxc4 35. bxc4 g5 36. Re4 Kg6 37. Bh2 Kf5 38. g4+ Kg6 39. Bg3 Re6 40. Kf3 R8e7 41. R1e2 Bf8 42. Kf2 Re8 43. Ke1 Be7 44. Kd2 Bd8 45. Kc1 Bc7 46. Kb2 R8e7 47. Bh2 Kg7 48. Kb3 Kf8 49. Bg3 Ke8 50. h4 Kd7 51. hxg5 hxg5 52. Rh2 Bxe5 53. Bxe5 Rxe5 54. Rxe5 Rxe5 55. Rh7 Ke6 56. Rg7 Kf6 57. Rg8 Re7 58. Ra8 Kg6 59. a5 bxa5 60. Ka4 f5 61. gxf5+ Kxf5 62. Rg8 g4 63. Kxa5 Kf4 64. Kb5 Rc7 65. Rf8+ Ke3 66. Rf5 g3 67. Rg5 Kf2 68. Rf5+ Kg1 69. Rg5 g2 70. Rg8 Kf1 71. Rf8+ Ke2 72. Rg8 Kf2 73. Rf8+ Kg1 0-1


[Site "https://www.chess.com"]

[Event "Titled Tuesday Blitz October 31 Early 2023"]
[White "Guevara Sanchez, Erick Marvin"]
[Black "Clawitter, Craig"]
[WhiteFideId "6700136"]
[BlackFideId "2023105"]
[WhiteElo "2139"]
[BlackElo "2255"]
[Result "1-0"]
[Round "11"]
[TimeControl "180+1"]
[Date "2023.10.31"]
[WhiteClock "0:01:21"]
[BlackClock "0:00:00"]
[Board "114"]

1. e4 e6 2. d4 d5 3. Nc3 Bb4 4. e5 c5 5. a3 Bxc3+ 6. bxc3 Ne7 7. a4 Nbc6 8. Ba3 cxd4 9. Nf3 Qa5 10. Qd2 Qxc3 11. Qxc3 dxc3 12. Bd3 Ng6 13. Bb5 Bd7 14. Bxc6 Bxc6 15. Bb4 d4 16. Nxd4 Bxg2 17. Rg1 Bd5 18. Nb5 Kd7 19. Bxc3 Rhc8 20. Kd2 Rc4 21. Nd6 Rf4 22. Ke3 Rf3+ 23. Kd2 Rxf2+ 24. Kd3 Nf4+ 25. Ke3 Rf3+ 26. Kd2 g6 27. Bd4 b6 28. c4 Bc6 29. Be3 1-0


[Site "https://www.chess.com"]

[Event "Titled Tuesday Blitz October 31 Early 2023"]
[White "Elbebiber"]
[Black "parintele_chess"]
[WhiteElo "2138"]
[BlackElo "2252"]
[Result "1-0"]
[Round "11"]
[TimeControl "180+1"]
[Date "2023.10.31"]
[WhiteClock "0:00:31"]
[BlackClock "0:00:14"]
[Board "115"]

1. f4 e5 2. fxe5 d6 3. exd6 Bxd6 4. Nf3 g5 5. d4 g4 6. Ne5 Bxe5 7. dxe5 Qxd1+ 8. Kxd1 Nc6 9. Nc3 Be6 10. Bg5 Nxe5 11. Nb5 Kd7 12. Ke1 c5 13. Rd1+ Kc6 14. e4 Nc4 15. a4 Kb6 16. Bd8+ Rxd8 17. Rxd8 a6 18. Bxc4 Bxc4 19. Nc3 Kc7 20. Rf8 b5 21. axb5 axb5 22. Kf2 b4 23. Ne2 h5 24. b3 Be6 25. Ra1 Kd6 26. Raa8 f6 27. Nf4 c4 28. Nxe6 cxb3 29. cxb3 Kxe6 30. Rxg8 Rh7 31. Rge8+ Kd6 32. Rad8+ Kc7 33. Rd4 Kc6 34. Rxb4 Rd7 35. Rc4+ Kb5 36. Ke3 Rb7 37. Re6 f5 38. exf5 h4 39. g3 h3 40. Re5+ Kb6 41. Kf4 Ka7 42. Ra4+ Kb8 43. b4 Kc7 44. Rc5+ Kb8 45. Raa5 Rc7 46. Rxc7 Kxc7 47. Re5 Kb8 48. Re6 Kc7 49. Kxg4 Kb8 50. Kxh3 Kc7 51. Kg4 Kb8 52. Kg5 Kc7 53. h4 Kb8 54. h5 Kc7 55. h6 Kb8 56. Re7 Kc8 57. Kf6 Kb8 58. h7 Kc8 59. g4 Kb8 60. g5 Kc8 61. g6 Kb8 62. g7 Kc8 63. g8=Q# 1-0


[Site "https://www.chess.com"]

[Event "Titled Tuesday Blitz October 31 Early 2023"]
[White "De Souza, Cristiano Gomes"]
[Black "ssgm49"]
[WhiteFideId "2151758"]
[WhiteElo "2246"]
[BlackElo "1953"]
[Result "0-1"]
[Round "11"]
[TimeControl "180+1"]
[Date "2023.10.31"]
[WhiteClock "0:01:02"]
[BlackClock "0:00:43"]
[Board "116"]

1. d4 d5 2. c4 c6 3. Nf3 Nf6 4. Nc3 e6 5. Bg5 h6 6. Bxf6 Qxf6 7. e3 Nd7 8. Rc1 g6 9. Bd3 Qe7 10. O-O Bg7 11. e4 dxc4 12. Bxc4 O-O 13. d5 exd5 14. exd5 Qb4 15. Bb3 Nc5 16. dxc6 bxc6 17. Qd6 Rb8 18. Qxc6 Nxb3 19. axb3 Qxb3 20. Nd5 Bb7 21. Ne7+ Kh7 22. Qc7 Bxf3 23. gxf3 Rb7 24. Qd6 Qxf3 25. Nd5 Re8 26. Ne3 Rxe3 27. fxe3 Qxe3+ 28. Rf2 Qxc1+ 0-1


[Site "https://www.chess.com"]

[Event "Titled Tuesday Blitz October 31 Early 2023"]
[White "Feliz Dotel, Dewar Bienvenido"]
[Black "Terletsky, Oleg"]
[WhiteFideId "6402801"]
[BlackFideId "14116774"]
[WhiteElo "2143"]
[BlackElo "2463"]
[Result "0-1"]
[Round "11"]
[TimeControl "180+1"]
[Date "2023.10.31"]
[WhiteClock "0:00:10"]
[BlackClock "0:00:58"]
[Board "117"]

1. d4 Nf6 2. e3 g6 3. Nf3 Bg7 4. Be2 O-O 5. b4 b6 6. Bb2 Bb7 7. c4 c5 8. a3 cxd4 9. Bxd4 Nc6 10. Bc3 d5 11. cxd5 Nxd5 12. Bxg7 Kxg7 13. O-O Rc8 14. Qb3 e6 15. Rd1 Qf6 16. Nbd2 Nc3 17. Bb5 Nxd1 18. Rxd1 Rfd8 19. Re1 Ne5 20. Be2 Nxf3+ 21. Nxf3 Bxf3 22. Bxf3 Qc3 23. Qb1 Rd2 24. h3 Qb2 25. Qe4 Rxf2 26. Rb1 Qd2 27. Rd1 Rxg2+ 28. Bxg2 Qxd1+ 29. Kh2 Qd6+ 30. Kg1 Qg3 31. Qd4+ e5 32. Qd2 h5 33. Kh1 h4 34. Kg1 Rc6 35. Kh1 Rf6 36. Kg1 Rf5 37. Qe2 Rg5 38. Qd2 Qxh3 39. Qf2 Rxg2+ 40. Qxg2 Qxg2+ 41. Kxg2 f5 42. Kh3 g5 43. Kg2 g4 44. b5 f4 45. exf4 exf4 46. Kh2 Kf6 47. Kg2 Kg5 48. a4 f3+ 49. Kf2 Kf4 50. Kf1 g3 51. Kg1 f2+ 52. Kg2 h3+ 53. Kf1 Kf3 54. a5 g2# 0-1


[Site "https://www.chess.com"]

[Event "Titled Tuesday Blitz October 31 Early 2023"]
[White "Ferrufino, Boris"]
[Black "ivana_999"]
[WhiteFideId "3300170"]
[WhiteElo "2173"]
[BlackElo "2043"]
[Result "1-0"]
[Round "11"]
[TimeControl "180+1"]
[Date "2023.10.31"]
[WhiteClock "0:01:26"]
[BlackClock "0:01:37"]
[Board "118"]

1. e4 e6 2. d4 d5 3. Nd2 Nf6 4. e5 Nfd7 5. Bd3 c5 6. c3 Nc6 7. Ne2 cxd4 8. cxd4 f6 9. exf6 Nxf6 10. Nf3 Bd6 11. O-O Qc7 12. b3 O-O 13. Bb2 Bd7 14. Rc1 a6 15. Ng3 Rae8 16. Ne5 Qb8 17. Re1 Ne4 18. Nxd7 Bxg3 19. hxg3 Qd6 20. Nxf8 Nxf2 21. Bxh7+ Kh8 22. Qh5 1-0


[Site "https://www.chess.com"]

[Event "Titled Tuesday Blitz October 31 Early 2023"]
[White "kingapolak"]
[Black "Piesik, Piotr"]
[BlackFideId "1136194"]
[WhiteElo "2156"]
[BlackElo "2652"]
[Result "0-1"]
[Round "11"]
[TimeControl "180+1"]
[Date "2023.10.31"]
[WhiteClock "0:00:04"]
[BlackClock "0:01:06"]
[Board "119"]

1. e4 g6 2. d4 Bg7 3. Nc3 c6 4. f3 d5 5. Be3 dxe4 6. fxe4 Nf6 7. Be2 e5 8. dxe5 Qxd1+ 9. Rxd1 Ng4 10. Bf4 Nxe5 11. Nf3 Nbd7 12. O-O O-O 13. Nxe5 Nxe5 14. Na4 b6 15. b3 Be6 16. Nb2 Rfd8 17. Nd3 Ng4 18. h3 Bd4+ 19. Kh1 Ne3 20. Bxe3 Bxe3 21. c4 a5 22. a4 Bd4 23. Nf4 Bc8 24. Bf3 Bb7 25. Rd3 Be5 26. Be2 Bxf4 27. Rxf4 Rxd3 28. Bxd3 Rd8 29. Rf3 c5 30. Kg1 Kf8 31. Kf2 Ke7 32. Ke3 f6 33. Rf2 Ke6 34. g4 Rd4 35. h4 h6 36. e5 Kxe5 37. Bxg6 Rxg4 38. Bh5 Rxh4 39. Bf7 Rh3+ 40. Kd2 Rxb3 0-1


[Site "https://www.chess.com"]

[Event "Titled Tuesday Blitz October 31 Early 2023"]
[White "Fernandez Hernandez, Gerardo"]
[Black "Iskusnyh, Sergei"]
[WhiteFideId "2207400"]
[BlackFideId "4120027"]
[WhiteElo "2153"]
[BlackElo "2531"]
[Result "1-0"]
[Round "11"]
[TimeControl "180+1"]
[Date "2023.10.31"]
[WhiteClock "0:00:45"]
[BlackClock "0:00:12"]
[Board "120"]

1. e4 e5 2. Nf3 Nc6 3. d4 exd4 4. Bc4 Nf6 5. e5 d5 6. Bb5 Ne4 7. Nxd4 Bd7 8. Bxc6 bxc6 9. O-O Bc5 10. f3 Ng5 11. f4 Ne4 12. Be3 Bb6 13. Nc3 Nxc3 14. bxc3 O-O 15. f5 c5 16. Nb3 Bb5 17. Qg4 Bxf1 18. f6 g6 19. Qg5 Kh8 20. Rxf1 Rg8 21. Rf3 Qf8 22. Rh3 c4 23. Rxh7+ Kxh7 24. Qh4+ Qh6 25. Qxh6# 1-0


[Site "https://www.chess.com"]

[Event "Titled Tuesday Blitz October 31 Early 2023"]
[White "KorolDimitriy75"]
[Black "Mr_November18"]
[WhiteElo "2353"]
[BlackElo "2130"]
[Result "1-0"]
[Round "11"]
[TimeControl "180+1"]
[Date "2023.10.31"]
[WhiteClock "0:00:08"]
[BlackClock "0:01:19"]
[Board "121"]

1. d4 c5 2. d5 Nf6 3. c4 e6 4. Nc3 exd5 5. cxd5 d6 6. Nf3 g6 7. Nd2 Bg7 8. Nc4 O-O 9. Bf4 Ne8 10. Qd2 a6 11. a4 Qc7 12. e4 Nd7 13. Be2 Ne5 14. O-O Nxc4 15. Bxc4 Be5 16. Bh6 Ng7 17. f4 Bd4+ 18. Kh1 Re8 19. Rae1 Bd7 20. e5 dxe5 21. d6 Qxd6 22. Bxf7+ Kh8 23. Bxe8 Rxe8 24. fxe5 Qe6 25. Bg5 Nf5 26. Bf6+ Kg8 27. Ne4 Bc6 28. Ng5 Qd5 29. Nf3 Qc4 30. Nxd4 cxd4 31. Rxf5 gxf5 32. Qg5+ Kf7 33. e6+ Rxe6 34. Qg7+ Ke8 35. Qg8+ Kd7 36. Qd8# 1-0


[Site "https://www.chess.com"]

[Event "Titled Tuesday Blitz October 31 Early 2023"]
[White "Ghosh, Chanchal Kumer"]
[Black "Sarkar, Justin"]
[WhiteFideId "10201858"]
[BlackFideId "2010011"]
[WhiteElo "1970"]
[BlackElo "2228"]
[Result "0-1"]
[Round "11"]
[TimeControl "180+1"]
[Date "2023.10.31"]
[WhiteClock "0:00:00"]
[BlackClock "0:00:14"]
[Board "122"]

1. e4 c5 2. Nf3 e6 3. d4 cxd4 4. Nxd4 Nc6 5. Nc3 d6 6. Be3 Nf6 7. Be2 Be7 8. O-O O-O 9. f4 Bd7 10. Bf3 Nxd4 11. Bxd4 Bc6 12. Qe2 Qc7 13. Rad1 e5 14. Be3 exf4 15. Bxf4 Qb6+ 16. Kh1 Qxb2 17. Qd3 Qb4 18. a3 Qc5 19. Be3 Qa5 20. Bd4 Rac8 21. h3 Rfe8 22. Rf2 Rcd8 23. Rdf1 Rf8 24. a4 Nd7 25. Nd5 Bxd5 26. exd5 Ne5 27. Bxe5 dxe5 28. c4 f5 29. Bd1 e4 30. Qc2 Bc5 31. Rxf5 Rxf5 32. Rxf5 Qe1+ 33. Kh2 Bd6+ 34. g3 Qxg3+ 35. Kh1 Qxh3+ 36. Kg1 Qxf5 0-1


[Site "https://www.chess.com"]

[Event "Titled Tuesday Blitz October 31 Early 2023"]
[White "Desideri, Ricardo Maruchi"]
[Black "Kiseleva, Arina"]
[WhiteFideId "2110440"]
[BlackFideId "4164989"]
[WhiteElo "1956"]
[BlackElo "2212"]
[Result "0-1"]
[Round "11"]
[TimeControl "180+1"]
[Date "2023.10.31"]
[WhiteClock "0:00:00"]
[BlackClock "0:00:13"]
[Board "123"]

1. e4 c6 2. d4 d5 3. e5 Bf5 4. h4 h5 5. Bd3 Bxd3 6. Qxd3 Qa5+ 7. b4 Qa6 8. Qb3 e6 9. a4 b6 10. Ne2 Nd7 11. Nbc3 c5 12. b5 Qb7 13. Bf4 Nh6 14. O-O Nf5 15. g3 cxd4 16. Na2 Bc5 17. Nb4 O-O 18. Nc6 Nb8 19. Nb4 a5 20. Nd3 Nd7 21. Rad1 Rac8 22. Kh2 Qc7 23. Ng1 Be7 24. Rd2 Qc3 25. Qa2 Nc5 26. Nxc5 bxc5 27. Rd3 Qc4 28. Qb3 Qxb3 29. cxb3 c4 30. bxc4 dxc4 31. Rdd1 d3 32. Nf3 Rfd8 33. Ng5 c3 34. Ne4 c2 35. Rc1 Ba3 36. Bd2 Bxc1 37. Bxc1 Nd4 38. Nd6 Rxd6 39. exd6 Nf3+ 40. Kg2 d2 41. Kxf3 d1=Q+ 0-1


[Site "https://www.chess.com"]

[Event "Titled Tuesday Blitz October 31 Early 2023"]
[White "Pein, Jonathan"]
[Black "Mohammadian,Mohammad"]
[WhiteFideId "417092"]
[BlackFideId "12566055"]
[WhiteElo "2294"]
[BlackElo "1879"]
[Result "1-0"]
[Round "11"]
[TimeControl "180+1"]
[Date "2023.10.31"]
[WhiteClock "0:01:54"]
[BlackClock "0:01:19"]
[Board "125"]

1. c4 Nf6 2. Nc3 d5 3. cxd5 Nxd5 4. e4 Nxc3 5. dxc3 g6 6. Qxd8+ Kxd8 7. Be3 Nc6 8. O-O-O+ Bd7 9. Nf3 Ke8 10. Bc4 e6 11. h4 Bg7 12. h5 Rd8 13. Kc2 f6 14. hxg6 hxg6 15. Rxh8+ Bxh8 16. Bc5 b6 17. Ba3 Na5 18. Bd3 c5 19. Rh1 Kf7 20. e5 f5 21. g4 c4 22. Be2 Bc6 23. Ng5+ Kg8 24. Rxh8+ Kxh8 25. Nf7+ Kg7 26. Nxd8 Bd5 27. g5 Kg8 28. Kd2 Kg7 29. Ke3 Nb7 30. Nxb7 Bxb7 31. Bxc4 Kf7 32. Bd6 a6 33. Be2 b5 34. Bf3 Bc8 35. Kd4 Ke8 36. Bc6+ Kf7 37. Kc5 f4 38. b4 Kg7 39. Kb6 Kf7 40. Kc7 1-0


[Site "https://www.chess.com"]

[Event "Titled Tuesday Blitz October 31 Early 2023"]
[White "Quirke, Jeffrey"]
[Black "Simonovic, Miroslav"]
[WhiteFideId "2013029"]
[BlackFideId "919152"]
[WhiteElo "2205"]
[BlackElo "2250"]
[Result "1/2-1/2"]
[Round "11"]
[TimeControl "180+1"]
[Date "2023.10.31"]
[WhiteClock "0:00:04"]
[BlackClock "0:00:56"]
[Board "126"]

1. e4 c5 2. c3 d5 3. exd5 Qxd5 4. d4 Nc6 5. Nf3 Bf5 6. Be3 Bxb1 7. Rxb1 cxd4 8. Nxd4 e5 9. Nxc6 Qxd1+ 10. Rxd1 bxc6 11. Bc4 Nf6 12. O-O Be7 13. a4 O-O 14. h3 a5 15. f3 Rab8 16. Rd2 Rfd8 17. Rfd1 Kf8 18. Rxd8+ Rxd8 19. Rxd8+ Bxd8 20. Kf2 Nd5 21. Bc5+ Ke8 22. Bxd5 cxd5 23. b4 Kd7 24. Ke3 f5 25. g4 f4+ 26. Kd3 Kc6 27. Bf8 g6 28. b5+ Kd7 29. c4 dxc4+ 30. Kxc4 Ke6 31. Bc5 Bc7 32. b6 Bb8 33. Kb5 Kd5 34. Bf2 e4 35. fxe4+ Kxe4 36. Kxa5 Kf3 37. Bc5 Kg2 38. Kb5 Kxh3 39. a5 f3 40. a6 Bd6 41. Bf2 Bg3 42. a7 Bxf2 43. a8=Q Kxg4 44. Qe4+ Kg3 45. b7 Ba7 46. Ka6 Bb8 47. Qe8 Bf4 48. b8=Q Bxb8 49. Qxb8+ Kg2 50. Qf4 f2 51. Qg4+ Kh1 52. Qf3+ Kg1 53. Qg3+ Kf1 54. Kb5 h5 55. Kc4 h4 56. Qxh4 g5 57. Qg3 g4 58. Kd3 Ke1 59. Qe3+ Kf1 60. Qg3 Ke1 61. Qe3+ Kf1 62. Qg3 1/2-1/2


[Site "https://www.chess.com"]

[Event "Titled Tuesday Blitz October 31 Early 2023"]
[White "Garrido, Denis"]
[Black "Vargas, Mauricio"]
[WhiteFideId "601217"]
[BlackFideId "4404572"]
[WhiteElo "2284"]
[BlackElo "1857"]
[Result "1-0"]
[Round "11"]
[TimeControl "180+1"]
[Date "2023.10.31"]
[WhiteClock "0:00:16"]
[BlackClock "0:00:21"]
[Board "127"]

1. Nf3 Nc6 2. d4 g6 3. d5 Nb8 4. e4 d6 5. Be3 Bg7 6. Bd4 Nf6 7. Nbd2 Nbd7 8. a4 e5 9. dxe6 fxe6 10. a5 e5 11. Be3 O-O 12. h3 Qe8 13. Nc4 Rf7 14. Qd3 Re7 15. Qb3 Kh8 16. Bd3 h6 17. Qa4 g5 18. b4 Qf7 19. Bd2 Nxe4 20. Bxe4 Qxc4 21. Bd3 Qf7 22. Nh2 Nf6 23. Be2 Bd7 24. Qb3 Be6 25. Qf3 Rf8 26. Qxb7 Nd5 27. O-O g4 28. hxg4 Nf4 29. Bf3 h5 30. Qe4 Bd5 31. Qf5 Bxf3 32. Nxf3 Qxf5 33. gxf5 Rxf5 34. Nh4 Rg5 35. g3 Bf6 36. Kh1 Ng6 37. Bxg5 Bxg5 38. Nxg6+ Kg7 39. Nxe7 Bxe7 40. a6 Bf6 41. Ra5 Kg6 42. Rb5 e4 43. Rb7 Bd4 44. Rd1 Bb6 45. Kg2 Kf5 46. Rxb6 Kg4 47. Rdxd6 axb6 48. Rc6 h4 49. gxh4 Kxh4 50. Re6 Kg4 51. Rxe4+ Kf5 52. Rc4 Ke5 53. Rxc7 Kd6 54. Rb7 Kc6 55. b5+ Kxb5 56. a7 Kc5 57. a8=Q b5 58. Qa7+ Kc4 59. Qb6 b4 60. Qb5+ Kd4 61. Qxb4+ Kd5 62. Rd7+ Ke6 63. Qd6+ Kf5 64. Rf7+ Ke4 65. Re7+ Kf5 66. Qf6+ 1-0


[Site "https://www.chess.com"]